 Dungeon Crawl Stone Soup version 0.21.1-1-g345015f (webtiles) character file.

4241 Galewin the Severer (level 10, -3/77 HPs)
             Began as a Minotaur Berserker on July 12, 2018.
             Was a High Priest of Trog.
             Slain by a two-headed ogre
             ... wielding a +0 giant club
              (20 damage)
             ... on level 8 of the Dungeon.
             The game lasted 00:13:35 (6023 turns).

Galewin the Severer (Minotaur Berserker)            Turns: 6023, Time: 00:13:35

Health: -3/77      AC:  9    Str: 25    XL:     10   Next: 9%
Magic:  0/9        EV: 10    Int:  4    God:    Trog [*****.]
Gold:   308        SH:  0    Dex: 10    Spells: 9/9 levels left

rFire    . . .     SeeInvis .   F - +0 war axe
rCold    . . .     Gourm    .   (no shield)
rNeg     . . .     Faith    .   D - +0 scale mail
rPois    .         Spirit   +   (helmet restricted)
rElec    .         Reflect  .   H - +0 cloak
rCorr    +         Harm     .   v - +1 pair of gloves
MR       .....                  (no boots)
Stlth    ..........             z - amulet of guardian spirit
HPRegen  0.22/turn              I - ring of resist corrosion
MPRegen  0.11/turn              (no ring)

@: no status effects
A: retaliatory headbutt, horns 2
a: Berserk, Trog's Hand, Brothers in Arms, Burn Spellbooks, Renounce Religion


You were on level 8 of the Dungeon.
You worshipped Trog.
Trog was extremely pleased with you.
You were not hungry.

You visited 1 branch of the dungeon, and saw 8 of its levels.
You also visited: Sewer.

You collected 308 gold pieces.

Inventory:

Hand Weapons
 F - a +0 war axe (weapon)
Armour
 v - a +1 pair of gloves (worn)
 D - a +0 scale mail (worn)
 H - a +0 cloak (worn)
Jewellery
 z - an amulet of guardian spirit (around neck)
 C - an uncursed amulet of the gourmand
 I - a ring of resist corrosion (left hand)
Wands
 o - a wand of scattershot (5)
 u - a wand of iceblast (8)
 y - a wand of acid (6)
 E - a wand of clouds (7)
 G - a wand of polymorph (10)
Scrolls
 a - 2 scrolls of silence
 d - 2 scrolls of enchant weapon
 e - 9 scrolls of teleportation
 g - a scroll of identify
 h - a scroll of blinking
 q - 2 scrolls of remove curse
 r - 3 scrolls of magic mapping
 s - 3 scrolls of fear
Potions
 b - 3 potions of curing {unknown}
 f - 2 potions of haste {unknown}
 i - 3 potions of flight {unknown}
 j - 2 potions of degeneration {unknown}
 l - 3 potions of might {unknown}
 m - 5 potions of heal wounds
 n - 2 potions of mutation {unknown}
 p - 2 potions of lignification {unknown}
 t - a potion of resistance {unknown}
 w - a potion of agility
 x - 3 potions of brilliance {unknown}
 A - a potion of invisibility {unknown}
 B - 3 potions of ambrosia {unknown}
Comestibles
 c - 13 rations
 k - 4 chunks of flesh


   Skills:
 - Level 3.6 Fighting
 * Level 16.5 Axes
 - Level 2.4 Armour
 - Level 2.1 Dodging


You had 9 spell levels left.
You didn't know any spells.

Dungeon Overview and Level Annotations

Branches:
Dungeon (8/15)             Temple (0/1) D:5
   Lair: D:8-11

Altars:
Dithmenos
Elyvilon
Fedhas
Gozag
Kikubaaqudgha
Nemelex Xobeh
Okawaru
Ru
Sif Muna
Uskayaw
Vehumet
Wu Jian
Xom


Innate Abilities, Weirdness & Mutations

You reflexively headbutt those who attack you in melee.
You have a pair of horns on your head.


Message History

a - 2 scrolls of silence A two-headed ogre comes into view.
It is wielding two giant clubs.
The two-headed ogre shouts in stereo!
The two-headed ogre hits you with a giant club!
The two-headed ogre closely misses you.
You slash the two-headed ogre! You headbutt the two-headed ogre!
The two-headed ogre is heavily wounded.
The two-headed ogre hits you with a giant club!!
The two-headed ogre hits you but does no damage.
You are too injured to fight recklessly!
You are too injured to fight recklessly!
You hit the two-headed ogre but do no damage.
You headbutt the two-headed ogre!
The two-headed ogre is severely wounded.
You hit the two-headed ogre. You headbutt the two-headed ogre.
The two-headed ogre is almost dead.
The two-headed ogre hits you with a giant club!
* * * LOW HITPOINT WARNING * * *
The two-headed ogre hits you with a giant club!!
You die...

#.. #.# #.# # #.# #..
. #.# #..###. #.#
#.(#.. #.# #...# #O#
####...# #@# #.......
#.# #.##.... ##.##
#.###.#.
#.##=..########.# #.#.
#............##.# #.#.
####...#####.##.###.##
##.## #........## #.#
###.....### #.#
#.##### #


You could see a two-headed ogre.

Vanquished Creatures
  A two-headed ogre (D:8)
  Pikel (D:5)
  A troll (D:8)
  The ghost of dscm the Insei, an amateur OpWn (D:4)
  A wyvern (D:8)
  Eustachio (D:5)
  Menkaure (D:6)
  Duvessa (D:5)
  An ice beast (D:7)
  A phantom (D:4)
  A sky beast (D:7)
  2 ogres
  4 centaurs
  Blork the orc (D:6)
  The ghost of sergedm the Conjurer, an amateur DECj (D:5)
  3 big kobolds
  A bullfrog (D:7)
  A gnoll sergeant (D:6)
  Dowan (D:5)
  A wyvern skeleton (D:6)
  2 howler monkeys (D:8)
  2 crimson imps
  2 hounds
  Crazy Yiuf (D:6)
  An orc priest (D:8)
  6 orc wizards
  A bullfrog skeleton (D:7)
  A centaur skeleton (D:8)
  Terence (D:3)
  Natasha (D:3)
  2 iguanas (D:4)
  3 worker ants
  A hound skeleton (D:5)
  2 worker ant zombies
  A howler monkey zombie (D:6)
  A howler monkey skeleton (D:8)
  12 adders
  3 gnolls (D:6)
  2 shadow imps (D:8)
  An adder skeleton (D:7)
  5 worms
  5 dart slugs
  5 leopard geckos
  18 orcs
  5 ball pythons
  4 bats
  8 giant cockroaches
  2 goblins
  4 hobgoblins
  3 quokkas
  13 frilled lizards
  24 kobolds
  7 rats
175 creatures vanquished.

Vanquished Creatures (others)
  A slave (D:5)
  A giant cockroach (D:5)
  A quokka (D:5)
3 creatures vanquished.

Grand Total: 178 creatures vanquished

Notes
Turn   | Place    | Note
-------+----------+-------------------------------------------
     0 | D:1      | Galewin the Minotaur Berserker began the quest for the Orb.
     0 | D:1      | Reached XP level 1. HP: 19/19 MP: 0/0
   137 | D:1      | Reached skill level 4 in Axes
   179 | D:1      | Reached XP level 2. HP: 18/26 MP: 1/1
   762 | D:1      | Reached skill level 5 in Axes
   841 | D:2      | Reached ** piety under Trog
   905 | D:2      | Reached XP level 3. HP: 27/31 MP: 2/2
  1553 | D:3      | Found an ancient bone altar of Kikubaaqudgha.
  1676 | D:3      | Found a sparkling altar of Nemelex Xobeh.
  1803 | D:3      | Reached skill level 6 in Axes
  1803 | D:3      | Reached XP level 4. HP: 27/39 MP: 3/3
  1848 | D:3      | Noticed Natasha
  1858 | D:3      | Killed Natasha
  2055 | D:3      | Noticed Terence
  2063 | D:3      | Killed Terence
  2063 | D:3      | Reached skill level 7 in Axes
  2063 | D:3      | Reached XP level 5. HP: 45/45 MP: 4/4
  2208 | D:4      | Reached *** piety under Trog
  2314 | D:4      | Noticed dscm's ghost (amateur OpWn)
  2317 | D:4      | Killed dscm's ghost
  2317 | D:4      | Reached skill level 8 in Axes
  2317 | D:4      | Reached XP level 6. HP: 51/51 MP: 5/5
  2340 | D:4      | Reached skill level 9 in Axes
  2596 | D:4      | Reached XP level 7. HP: 34/57 MP: 6/6
  2614 | D:4      | Reached skill level 10 in Axes
  2909 | D:5      | Entered Level 5 of the Dungeon
  2916 | D:5      | Noticed Pikel
  2926 | D:5      | Killed Pikel
  2926 | D:5      | Reached skill level 11 in Axes
  2926 | D:5      | Reached XP level 8. HP: 64/64 MP: 5/7
  2951 | D:5      | Noticed Eustachio
  2955 | D:5      | Killed Eustachio
  2955 | D:5      | Reached skill level 12 in Axes
  2962 | D:5      | Noticed sergedm's ghost (amateur DECj)
  2974 | D:5      | Killed sergedm's ghost
  3040 | D:5      | Noticed Duvessa
  3043 | D:5      | Noticed Dowan
  3050 | D:5      | Killed Duvessa
  3052 | D:5      | Killed Dowan
  3052 | D:5      | Reached skill level 13 in Axes
  3097 | D:5      | Found a deep blue altar of Sif Muna.
  3241 | D:5      | Found a sacrificial altar of Ru.
  3280 | D:5      | Found a staircase to the Ecumenical Temple.
  3313 | D:5      | Reached **** piety under Trog
  3348 | D:5      | Found a glowing drain.
  3375 | Sewer    | Entered a sewer
  4001 | D:6      | Noticed Blork the orc
  4015 | D:6      | Killed Blork the orc
  4097 | D:6      | Reached XP level 9. HP: 40/70 MP: 4/8
  4115 | D:6      | Reached skill level 14 in Axes
  4208 | D:6      | Found a hide-covered altar of Uskayaw.
  4208 | D:6      | Noticed Menkaure
  4212 | D:6      | Killed Menkaure
  4281 | D:6      | Found a radiant altar of Vehumet.
  4281 | D:6      | Found a shadowy altar of Dithmenos.
  4309 | D:6      | Found an ornate altar of the Wu Jian Council.
  4347 | D:6      | Found an opulent altar of Gozag.
  4540 | D:6      | Found a runed door.
  4608 | D:6      | Found a blossoming altar of Fedhas.
  4820 | D:6      | Noticed Crazy Yiuf
  4824 | D:6      | Killed Crazy Yiuf
  5174 | D:7      | Reached skill level 15 in Axes
  5250 | D:7      | Found an iron altar of Okawaru.
  5270 | D:7      | Reached ***** piety under Trog
  5298 | D:7      | Found a shimmering altar of Xom.
  5747 | D:8      | Noticed a two-headed ogre
  5752 | D:8      | Killed a two-headed ogre
  5752 | D:8      | Reached skill level 16 in Axes
  5752 | D:8      | Reached XP level 10. HP: 30/77 MP: 4/9
  5775 | D:8      | Found a white marble altar of Elyvilon.
  6017 | D:8      | Noticed a two-headed ogre
  6023 | D:8      | Slain by a two-headed ogre

Skill      XL: |  1  2  3  4  5  6  7  8  9 |
---------------+----------------------------+-----
Axes           | 4 5 6 7 8 9 11 13 16 | 16.5
Fighting       | |  3.6
Armour         | |  2.4
Dodging        | |  2.1

Action                   |  1- 3 |  4- 6 |  7- 9 | 10-12 || total
-------------------------+-------+-------+-------+-------++-------
Melee: Hand axe          |    77 |    68 |   210 |       ||   355
       Headbutt          |     8 |    10 |    58 |     8 ||    84
       War axe           |       |       |    75 |    28 ||   103
Invok: Berserk           |     1 |     5 |     6 |       ||    12
       Burn Spellbooks   |     1 |       |       |       ||     1
  Use: Scroll            |       |       |    13 |     3 ||    16
 Stab: Sleeping          |     2 |       |       |       ||     2
  Eat: Chunk             |     4 |     7 |    13 |     1 ||    25
       Ration            |       |       |     1 |       ||     1
Armor: Ring mail         |     3 |    11 |     3 |       ||    17
       Animal skin       |     2 |       |       |       ||     2
       Scale mail        |       |       |    86 |     9 ||    95
Dodge: Dodged            |    53 |    28 |   111 |    11 ||   203
